 Dungeon Crawl Stone Soup version 0.25-a0-167-g836c352ace (webtiles) character file.

Game seed: 11124981831487901414, levelgen mode: deterministic

2842 D1HalberdGnoll the Frost Mage (level 9, -1/78 HPs)
             Began as a Black Draconian Ice Elementalist on Nov 25, 2019.
             Was an Initiate of Sif Muna.
             Killed from afar by Erica (24 damage)
             ... with an orb of energy
             ... on level 8 of the Dungeon.
             The game lasted 00:16:41 (8991 turns).

D1HalberdGnoll the Frost Mage (DrIE)                Turns: 8991, Time: 00:16:42

Health: -1/78      AC:  7    Str: 18    XL:     9   Next: 46%
Magic:  8/16       EV: 15    Int: 14    God:    Sif Muna [......]
Gold:   371        SH:  0    Dex: 12    Spells: 10/18 levels left

rFire    . . .     SeeInvis .   v - +1 quarterstaff of the Beginning {freeze, rC+ MR+ Str+6 Int-3}
rCold    + + .     Gourm    .   (shield currently unavailable)
rNeg     . . .     Faith    .   (armour unavailable)
rPois    .         Spirit   .   (helmet restricted)
rElec    +         Reflect  .   (no cloak)
rCorr    .         Harm     .   (no gloves)
MR       +....                  (no boots)
Stlth    +++.......             (no amulet)
HPRegen  0.23/turn              l - ring of stealth
MPRegen  0.15/turn              y - ring of protection from cold

@: short of breath
A: breathe lightning, unfitting armour, electricity resistance, cold-blooded, AC
+7
a: Breathe Lightning, Renounce Religion


You were on level 8 of the Dungeon.
You worshipped Sif Muna.
Sif Muna was noncommittal.
You were not hungry.

You visited 2 branches of the dungeon, and saw 9 of its levels.

You collected 371 gold pieces.

Inventory:

Hand Weapons
 v - the +1 quarterstaff of the Beginning (weapon) {freeze, rC+ MR+ Str+6 Int-3}
   (You found it on level 4 of the Dungeon)

   It has been specially enchanted to freeze those struck by it, causing extra
   injury to most foes and up to half again as much damage against particularly
   susceptible opponents.
   It can also slow down cold-blooded creatures.
   It affects your strength (+6).
   It affects your intelligence (-3).
   It protects you from cold.
   It affects your resistance to hostile enchantments.
Missiles
 k - 56 poisoned darts (quivered)
 C - a throwing net
Jewellery
 l - a ring of stealth (left hand)
 x - an uncursed ring of see invisible
 y - a ring of protection from cold (right hand)
Wands
 z - a wand of polymorph (18)
 D - a wand of disintegration (12)
Scrolls
 c - 2 scrolls of remove curse
 g - 3 scrolls of enchant weapon
 i - 2 scrolls of identify
 j - 2 scrolls of magic mapping {unknown}
 p - 2 scrolls of enchant armour {unknown}
 q - 3 scrolls of fear {unknown}
 r - 4 scrolls of immolation {unknown}
 t - 3 scrolls of blinking {unknown}
 u - a scroll of amnesia {unknown}
 w - 2 scrolls of teleportation {unknown}
 A - a scroll of silence {unknown}
 B - a scroll of fog {unknown}
Potions
 a - 2 potions of brilliance {unknown}
 d - 3 potions of agility {unknown}
 e - 3 potions of heal wounds
 f - a potion of haste {unknown}
 h - 2 potions of curing {unknown}
 m - 2 potions of flight {unknown}
 n - a potion of degeneration {unknown}
 o - a potion of magic {unknown}
 s - a potion of ambrosia {unknown}
Comestibles
 b - 11 rations
 E - a chunk of flesh


   Skills:
 + Level 6.6 Fighting
 + Level 5.7 Dodging
 - Level 1.7 Stealth
 - Level 5.0 Spellcasting
 + Level 2.0 Conjurations
 * Level 8.8 Ice Magic


You had 10 spell levels left.
You knew the following spells:

 Your Spells              Type           Power        Failure   Level  Hunger
a - Freeze                Ice            ####         1%          1    None
b - Throw Frost           Conj/Ice       ###...       2%          2    ##.....
c - Throw Icicle          Conj/Ice       ###.....     19%         4    ####...
s - Animate Skeleton      Necr           N/A          17%         1    None

Your spell library contained the following spells:

 Spells                   Type           Power        Failure   Level  Hunger
 Ensorcelled Hibernation  Hex/Ice        ###...       4%          2    ##.....
 Ozocubu's Armour         Chrm/Ice       ###.....     9%          3    ###....
 Apportation              Tloc           #.....       17%         1    None
 Confusing Touch          Hex            #.....       17%         1    None
 Corona                   Hex            #......      17%         1    None
 Pain                     Necr           #...         17%         1    None
 Summon Small Mammal      Summ           #...         17%         1    None
 Summon Ice Beast         Ice/Summ       ###.....     28%         4    ####...
 Dazzling Spray           Conj/Hex       #.....       34%         3    ###....
 Confuse                  Hex            #.......     45%         3    ###....
 Regeneration             Chrm/Necr      #.........   45%         3    ###....
 Tukima's Dance           Hex            #.......     45%         3    ###....
 Vampiric Draining        Necr           #.........   45%         3    ###....
 Animate Dead             Necr           N/A          86%         4    ####...


Dungeon Overview and Level Annotations

Branches:
Dungeon (8/15)             Temple (1/1) D:7
   Lair: D:8-11

Altars:
Ashenzari
Cheibriados
Dithmenos
Elyvilon
Fedhas
Gozag
Makhleb
Nemelex Xobeh
Okawaru
Qazlal
Ru
Sif Muna
Trog
Uskayaw
Vehumet
Xom
Yredelemnul
Zin
The Shining One

Shops:
D:7 (

Annotations:
D:8 Erica


Innate Abilities, Weirdness & Mutations

You can breathe wild blasts of lightning.
Your glossy black scales are hard. (AC +7)
You cannot fit into any form of body armour.
You are resistant to electric shocks. (rElec)
You are cold-blooded and may be slowed by cold attacks.


Message History

Evoke which item? (* to show all) (? for menu, Esc to quit)
Okay, then.
Quiver which item? (- for none, * to show all) (? for menu, Esc to quit)
Okay, then.
Casting: Throw Frost (safe; 2% risk of failure)
Confirm with . or Enter, or press ? or * to list all spells.
Okay, then.
Throwing (i - inventory. (/) - cycle)
k - 57 poisoned darts (quivered)
Press: ? - help, Shift-Dir - straight line You throw a poisoned dart.
You hear some strange, mumbled words.
A bolt of poison appears from out of thin air!
The bolt of poison misses you.
You hear some strange, mumbled words.
An orb of energy appears from out of thin air!
The orb of energy misses you.
The orb of energy explodes!
You hear some strange, mumbled words.
An orb of energy appears from out of thin air!
The orb of energy hits you!!
You die...

#.# #.# #..# #.#
#..# #.# #..# #.#
#..# #.# #..# #(#
#..# #.# #..#
#.######## #..#
#.......@# #..#
########.# #..# #
#(# #..# .
..#.#.#..# #.
......#..#
#.####.....#..#
###
#.#.#....#.###..#
..#
#.#...)......#..#
..#
#.#...)......#..#


There were no monsters in sight!

Vanquished Creatures
  A fire crab (D:7)
  Menkaure (D:7)
  A swamp drake (D:6)
  An orc warrior (D:8)
  A sky beast (D:7)
  2 ice beasts (D:6)
  3 ogres
  A centaur (D:8)
  A bullfrog (D:8)
  A scorpion (D:7)
  7 wights
  A crimson imp (D:6)
  3 hounds
  A gnoll shaman (D:5)
  2 jellies (D:6)
  4 orc priests
  5 orc wizards
  2 iguanas
  Natasha (thrice) (D:4)
  4 worker ants
  Robin (D:2)
  A worker ant zombie (D:5)
  7 adders
  3 gnolls
  2 shadow imps
  An ooze (D:3)
  3 worms
  A dart slug (D:1)
  5 leopard geckos
  25 orcs
  A ball python (D:1)
  4 bats
  6 giant cockroaches
  10 goblins
  11 hobgoblins
  4 jackals (D:7)
  A quokka (D:7)
  4 frilled lizards
  2 jackal zombies
  6 kobolds
  A leopard gecko skeleton (D:5)
  A quokka skeleton (D:6)
  2 quokka zombies (D:6)
  7 rats
154 creatures vanquished.

Vanquished Creatures (collateral kills)
  A centaur skeleton (D:7)
  An adder (D:7)
2 creatures vanquished.

Grand Total: 156 creatures vanquished

Notes
Turn   | Place    | Note
-------+----------+-------------------------------------------
     0 | D:1      | D1HalberdGnoll the Draconian Ice Elementalist began the
                  | quest for the Orb.
     0 | D:1      | Reached XP level 1. HP: 14/14 MP: 3/3
   322 | D:1      | Reached XP level 2. HP: 22/22 MP: 0/5
   345 | D:1      | Reached skill level 1 in Fighting
  1130 | D:2      | Found a sparkling altar of Nemelex Xobeh.
  1141 | D:2      | Reached XP level 3. HP: 23/28 MP: 2/6
  1209 | D:2      | Learned a level 2 spell: Throw Frost
  1795 | D:2      | Found a sacrificial altar of Ru.
  2110 | D:3      | Noticed Robin
  2138 | D:2      | Killed Robin
  2259 | D:3      | Reached XP level 4. HP: 36/36 MP: 5/7
  2497 | D:3      | Learned a level 4 spell: Throw Icicle
  3458 | D:4      | Reached XP level 5. HP: 41/42 MP: 6/9
  3471 | D:4      | Noticed Natasha
  3483 | D:4      | Killed Natasha
  3587 | D:4      | Reached skill level 4 in Ice Magic
  3804 | D:4      | Noticed Natasha
  3811 | D:4      | Killed Natasha
  3890 | D:4      | Got a warped quarterstaff
  3891 | D:4      | Identified the cursed +1 quarterstaff of the Beginning
                  | {freeze, rC+ MR+ Str+6 Int-3} (You found it on level 4 of
                  | the Dungeon)
  3970 | D:4      | Noticed Natasha
  3981 | D:4      | Killed Natasha
  4219 | D:5      | Entered Level 5 of the Dungeon
  4228 | D:5      | Noticed an ogre
  4264 | D:5      | Killed an ogre
  4264 | D:5      | Reached XP level 6. HP: 20/51 MP: 3/11
  4691 | D:5      | Found an iron altar of Okawaru.
  4713 | D:5      | Found a glowing silver altar of Zin.
  4967 | D:5      | Found a blossoming altar of Fedhas.
  5109 | D:6      | Noticed an ice beast
  5179 | D:6      | Noticed a swamp drake
  5179 | D:6      | an ice beast changed into a swamp drake
  5183 | D:6      | Killed a swamp drake
  5183 | D:6      | Reached skill level 5 in Ice Magic
  5183 | D:6      | Your scales start taking on a glossy black colour.
  5183 | D:6      | Reached XP level 7. HP: 47/58 MP: 8/12
  5183 | D:6      | Gained mutation: You are resistant to electric shocks.
                  | (rElec) [Black Draconian growth]
  5935 | D:6      | Reached skill level 6 in Ice Magic
  5935 | D:6      | Reached XP level 8. HP: 26/67 MP: 14/14
  6254 | D:6      | Found a white marble altar of Elyvilon.
  7097 | D:5      | Reached skill level 5 in Fighting
  7334 | D:6      | Found an iron altar of Okawaru.
  7337 | D:6      | Learned a level 1 spell: Animate Skeleton
  7551 | D:7      | Found Imeczac's Antique Weapon Boutique.
  7638 | D:7      | Reached skill level 5 in Spellcasting
  7638 | D:7      | Reached skill level 7 in Ice Magic
  7823 | D:7      | Noticed Harold
  7825 | D:7      | Noticed Harold
  7825 | D:7      | Harold changed into Harold the fire crab
  7831 | D:7      | Noticed Menkaure
  7832 | D:7      | Killed Harold the fire crab
  7832 | D:7      | Reached skill level 5 in Dodging
  7832 | D:7      | Reached skill level 8 in Ice Magic
  7832 | D:7      | Reached XP level 9. HP: 13/75 MP: 13/16
  7839 | D:7      | Killed Menkaure
  8323 | D:7      | Found a stormy altar of Qazlal.
  8448 | D:7      | Found a staircase to the Ecumenical Temple.
  8457 | Temple   | Entered the Ecumenical Temple
  8504 | Temple   | Became a worshipper of Sif Muna the Loreminder
  8976 | D:8      | Noticed Erica
  8991 | D:8      | Killed from afar by Erica

Levels and vault maps discovered:
D:1:      lightli_arrival_statue_moat, layout_loops_ring, serial_aquarium,
          aquarium_bridge_straight [aquarium_subvault_bridge,
          aquarium_subvault_window, aquarium_subvault_bridge,
          aquarium_subvault_wall], aquarium_window_corner, aquarium_window_2,
          aquarium_view_2c, hangedman_decor_clover_reticule, minmay_nonomino_d4
D:2:      layout_basic, nemelex_xobeh_ov_fountains_minmay,
          nicolae_ru_awakened_eye, first_ration
D:3:      layout_basic, uniq_robin
D:4:      layout_basic, uniq_natasha
D:5:      layout_cave_pools, minitemple, basic_altar
D:6:      layout_rooms, elyvilon_altar_3, enter_ossuary_4,
          hangedman_abyss_or_decor_lesser_grid, okawaru_metal_pillars_1_2
D:7:      layout_rooms, lemuel_doored_altar, minmay_temple_entry_poolview,
          serial_shops, nicolae_shop_crystal, uniq_menkaure, uniq_harold
D:8:      layout_basic, kennysheep_mini, nicolae_overflow_hidden_temple,
          uniq_erica, uniq_psyche, uniq_joseph
Temple:   nicolae_temple_god_jail

Skill      XL: |  1  2  3  4  5  6  7  8  9 |
---------------+----------------------------+-----
Dodging        | 2 3 4 5 |  5.7
Fighting       | 1 2 3 4 6 |  6.6
Spellcasting   | 3 4 5 |  5.0
Ice Magic      | 4 5 6 8 |  8.8
Conjurations   | 2 |  2.0
Stealth        | |  1.7

Action                   |  1- 3 |  4- 6 |  7- 9 || total
-------------------------+-------+-------+-------++-------
Melee: Club              |   101 |    50 |       ||   151
       Tailslap          |    14 |    10 |    22 ||    46
       Unarmed           |     1 |       |       ||     1
       Quarterstaff      |       |    44 |   169 ||   213
Throw: Dart              |       |    12 |     4 ||    16
 Cast: Freeze            |    42 |    72 |    38 ||   152
       Throw Frost       |     2 |    15 |    12 ||    29
       Animate Skeleton  |       |       |     4 ||     4
 Abil: Breathe Lightning |       |       |    18 ||    18
Evoke: Wand              |       |     1 |     9 ||    10
  Use: Scroll            |       |     7 |     2 ||     9
       Potion            |       |       |     1 ||     1
 Stab: Sleeping          |     1 |     1 |     1 ||     3
  Eat: Chunk             |     5 |    11 |    12 ||    28
       Ration            |       |       |     1 ||     1
Armor: Skin              |    45 |    49 |    66 ||   160
Dodge: Dodged            |    85 |    97 |   162 ||   344

Table legend:
 A = Non-vault XP
 B = Vault XP
 C = Vault XP percentage of total XP
 D = Non-vault monster count
 E = Vault monster count
 F = Vault count percentage of total count
                 A         B        C        D         E       F
            +---------+---------+-------+---------+---------+-------
      Total |    3033 |    1027 |  25.3 |     135 |      21 |  13.5
            +---------+---------+-------+---------+---------+-------
        D:1 |      31 |       7 |  18.4 |      18 |       5 |  21.7
        D:2 |      35 |      18 |  34.0 |      10 |       2 |  16.7
        D:3 |      43 |      18 |  29.5 |      13 |       9 |  40.9
        D:4 |     170 |      35 |  17.1 |      12 |       1 |   7.7
        D:5 |     636 |       0 |   0.0 |      22 |       0 |   0.0
        D:6 |     982 |       2 |   0.2 |      23 |       2 |   8.0
        D:7 |     489 |     947 |  65.9 |      23 |       2 |   8.0
        D:8 |     647 |       0 |   0.0 |      14 |       0 |   0.0
            +---------+---------+-------+---------+---------+-------
